 Dungeon Crawl Stone Soup version 0.25-a0-424-g80bd347ae0 (webtiles) character file.

Game seed: 14578792772920314223, levelgen mode: deterministic

3928 Nattfarinn the Blocker (level 10, 0/52 (54) HPs)
             Began as a Tengu Summoner on Jan 23, 2020.
             Was a Follower of Hepliaklqana.
             Killed from afar by a death drake (11 damage)
             ... with a foul vapour
             ... on level 1 of the Abyss.
             The game lasted 00:39:45 (8305 turns).

Nattfarinn the Blocker (Tengu Summoner)             Turns: 8305, Time: 00:39:46

HP:   0/52 (54)     AC:  9    Str: 11    XL:     10   Next: 21%
MP:   15/15         EV: 14    Int: 16    God:    Hepliaklqana [*.....]
Gold: 276           SH:  0    Dex: 15    Spells: 5/15 levels left

rFire    . . .     SeeInvis .   H - +7 mace of Variability {chain chaos}
rCold    + . .     Gourm    .   (shield currently unavailable)
rNeg     . . .     Faith    .   l - +0 troll leather armour
rPois    .         Spirit   .   p - +0 hat
rElec    .         Reflect  .   J - +1 cloak
rCorr    .         Harm     .   k - +1 pair of gloves
MR       .....                  (boots unavailable)
Stlth    ++........             f - amulet of the acrobat
HPRegen  0.57/turn              B - ring of wizardry
MPRegen  0.14/turn              C - ring of protection from cold

@: lethally poisoned (0 -> -29), about to teleport, flying quickly and
evasively, slowed, lightly drained, very slow
A: reduced essence, beak, talons 3, able to fly
a: Stop Flying, Recall Ancestor, Ancestor Identity, Renounce Religion


You were on level 1 of the Abyss.
You worshipped Hepliaklqana.
Hepliaklqana was aware of your devotion.
You were not hungry.

You visited 2 branches of the dungeon, and saw 9 of its levels.
You visited the Abyss 1 time.
You also visited: Sewer.

You collected 276 gold pieces.

Inventory:

Hand Weapons
 d - a +0 club
 g - a +2 short sword of speed
 z - a +1 dagger of protection
 H - the +7 mace of Variability (weapon) {chain chaos}
   (You found it on level 8 of the Dungeon)

   Each time it hits an enemy it has a different, random effect.
Armour
 a - a +0 robe
 k - a +1 pair of gloves (worn)
 l - a +0 troll leather armour (worn)
 p - a +0 hat (worn)
 G - a +2 shield
 J - a +1 cloak (worn)
 L - a +0 pair of gloves
Jewellery
 f - an amulet of the acrobat (around neck)
 B - a ring of wizardry (left hand)
 C - a ring of protection from cold (right hand)
Wands
 o - a wand of iceblast (2)
 v - a wand of enslavement (3)
 x - a wand of random effects (48)
 I - a wand of paralysis (11)
 K - a wand of polymorph (8)
Scrolls
 b - 2 scrolls of blinking {unknown}
 n - 2 scrolls of immolation
 q - 4 scrolls of remove curse
 r - a scroll of fear {unknown}
 w - 2 scrolls of magic mapping {unknown}
 y - 5 scrolls of teleportation
 F - a scroll of enchant weapon {unknown}
Potions
 e - 4 potions of might
 h - 2 potions of heal wounds
 i - a potion of haste
 j - 5 potions of berserk rage
 m - 3 potions of brilliance
 s - 2 potions of agility
 t - a potion of flight {unknown}
 u - 4 potions of curing
 A - a potion of degeneration {unknown}
 D - 2 potions of magic {unknown}
 E - a potion of lignification {unknown}
Comestibles
 c - 8 rations


   Skills:
 - Level 6.1(5.9) Fighting
 - Level 7.4(7.2) Armour
 - Level 2.1(2.0) Dodging
 - Level 2.0(1.8) Stealth
 + Level 9.2(9.0) Shields
 - Level 3.1(2.9) Spellcasting
 - Level 6.8(6.6) Summonings
 - Level 4.0(3.8) Air Magic


You had 5 spell levels left.
You knew the following spells:

 Your Spells              Type           Power        Failure   Level  Hunger
a - Summon Small Mammal   Summ           ###.         1%          1    #......
b - Call Imp              Summ           ###.....     1%          2    ##.....
c - Call Canine Familiar  Summ           ###.....     1%          3    ###....
d - Summon Lightning Spi  Summ/Air       ###.....     12%         4    #####..

Your spell library contained the following spells:

 Spells                   Type           Power        Failure   Level  Hunger
 Summon Guardian Golem    Hex/Summ       ##......     8%          3    ###....
 Animate Skeleton         Necr           N/A          10%         1    #......
 Apportation              Tloc           #.....       10%         1    #......
 Corona                   Hex            #......      10%         1    #......
 Summon Ice Beast         Ice/Summ       ##......     24%         4    #####..


Dungeon Overview and Level Annotations

Branches:
Dungeon (8/15)             Temple (1/1) D:6           Sewer (visited)
   Lair: D:8-11

Altars:
Ashenzari
Cheibriados
Dithmenos
Hepliaklqana
Kikubaaqudgha
Makhleb
Qazlal
Trog
Uskayaw
Vehumet
Wu Jian
Xom
Yredelemnul
Zin
The Shining One

Shops:
D:7 [

Annotations:
D:8 Psyche


Innate Abilities, Weirdness & Mutations

You have a beak for a mouth.
You have claws for feet.
You can fly continuously.
Your life essence is reduced to manifest your ancestor. (-10% HP)


Message History

The death drake barely misses you.
A small abomination comes into view.
The death drake misses you. The death drake breathes miasma at you.
The foul vapour misses you.
You are engulfed in dark miasma.
You are poisoned.
You feel your flesh rotting away!
You feel ill.
* * * LOW HITPOINT WARNING * * *
You feel very sick.
The death drake bites you but does no damage.
You feel better.
You are engulfed in dark miasma.
You are poisoned.
You feel your flesh rotting away!
* * * LOW HITPOINT WARNING * * *
You feel very sick. The death drake breathes miasma at you.
The foul vapour engulfs you!
You are lethally poisoned!
You feel your flesh rotting away!
You die...

.≈≈..#...###.#.....
≈.......#..°# . .#
#..$...#° °k○°.#
#...#.# # ##. .. ≈.
....# ### ###.##
#####°# ..x≈§#°k###
#.#≈ #@°#.# # ####
§. ##


You could see a death drake.

Vanquished Creatures
  A death knight (D:7)
  Pikel (D:5)
  Prince Ribbit (D:7)
  A wyvern (D:8)
  A slave (D:6)
  A phantom (D:6)
  2 centaurs
  2 ogres
  2 big kobolds (Sewer)
  3 bullfrogs
  2 scorpions
  2 killer bees (D:7)
  A wight (D:8)
  A howler monkey (D:8)
  2 crimson imps
  A quasit (D:7)
  A centaur skeleton (D:7)
  4 hounds
  2 worker ants
  A hound zombie (D:5)
  A gnoll (D:3)
  5 adders
  2 oozes (Sewer)
  An adder skeleton (D:4)
  4 worms
  3 dart slugs (D:3)
  5 leopard geckos
  6 orcs
  2 ball pythons
  5 giant cockroaches
  7 goblins
  3 hobgoblins
  2 jackals (D:5)
  19 kobolds
  4 quokkas
  8 bats
  7 frilled lizards
  A leopard gecko skeleton (D:5)
  11 rats
128 creatures vanquished.

Vanquished Creatures (collateral kills)
  Joseph (D:7)
  Grinder (D:5)
  Sigmund (D:6)
  2 chaos spawn (D:8)
  A hungry ghost (D:8)
  Menkaure (D:7)
  Duvessa (D:5)
  An orc warrior (D:7)
  An ice beast (D:5)
  A centaur (D:7)
  2 ogres
  A big kobold (Sewer)
  Dowan (D:5)
  2 scorpions
  4 killer bees (D:7)
  4 wights
  A hound (D:7)
  3 orc wizards
  A centaur skeleton (D:7)
  A worker ant (D:6)
  A howler monkey skeleton (D:6)
  4 gnolls (D:2)
  3 adders
  2 shadow imps (D:5)
  2 oozes
  3 worms
  A leopard gecko (D:8)
  8 orcs
  A bat (D:2)
  A giant cockroach (D:8)
  A ball python (D:2)
  A frilled lizard (D:5)
  A jackal skeleton (D:4)
  3 kobolds
  3 rats
  A plant (Sewer)
67 creatures vanquished.

Vanquished Creatures (others)
  5 ancestors (D:7)
  2 bushes (D:2)
  A plant (D:2)
8 creatures vanquished.

Grand Total: 203 creatures vanquished

Notes
Turn   | Place    | Note
-------+----------+-------------------------------------------
     0 | D:1      | Nattfarinn the Tengu Summoner began the quest for the Orb.
     0 | D:1      | Reached XP level 1. HP: 10/10 MP: 4/4
   274 | D:1      | Reached skill level 5 in Summonings
   339 | D:1      | Reached XP level 2. HP: 12/16 MP: 6/6
   343 | D:1      | Learned a level 2 spell: Call Imp
   476 | D:1      | Reached skill level 1 in Fighting
   901 | D:2      | Reached XP level 3. HP: 20/20 MP: 7/7
  1187 | D:2      | Learned a level 3 spell: Call Canine Familiar
  1412 | D:2      | Reached XP level 4. HP: 26/26 MP: 6/8
  1818 | D:3      | Found a glowing drain.
  1827 | D:3      | Gained mutation: You can fly continuously. [Tengu growth]
  1827 | D:3      | Reached XP level 5. HP: 20/31 MP: 8/10
  1969 | Sewer    | Entered a sewer
  1985 | Sewer    | Noticed a big kobold
  1999 | Sewer    | Killed a big kobold
  2077 | Sewer    | Noticed a big kobold
  2077 | Sewer    | Noticed a big kobold
  2095 | Sewer    | Killed a big kobold
  2095 | Sewer    | Reached XP level 6. HP: 37/37 MP: 3/11
  2316 | D:3      | Found a snail-covered altar of Cheibriados.
  2722 | D:3      | Reached skill level 1 in Armour
  2980 | D:4      | Found a glowing silver altar of Zin.
  3162 | D:4      | Learned a level 4 spell: Summon Lightning Spire
  3327 | D:4      | Reached XP level 7. HP: 34/43 MP: 12/12
  3615 | D:5      | Entered Level 5 of the Dungeon
  3706 | D:5      | Noticed Grinder
  3718 | D:5      | Killed Grinder
  3764 | D:5      | Found a shadowy altar of Dithmenos.
  3875 | D:5      | Noticed Duvessa
  3889 | D:5      | Killed Duvessa
  3903 | D:5      | Noticed Dowan
  3917 | D:5      | Killed Dowan
  4147 | D:5      | Noticed a moth of wrath
  4150 | D:5      | Found a bloodstained altar of Trog.
  4158 | D:5      | Reached skill level 1 in Air Magic
  4369 | D:6      | Reached skill level 5 in Fighting
  4369 | D:6      | Reached skill level 5 in Armour
  4369 | D:6      | Reached XP level 8. HP: 49/49 MP: 13/13
  4441 | D:6      | Noticed Pikel
  4814 | D:5      | Killed Pikel
  4942 | D:6      | Found a staircase to the Ecumenical Temple.
  4998 | Temple   | Entered the Ecumenical Temple
  5088 | Temple   | Became a worshipper of Hepliaklqana the Forgotten
  5265 | D:6      | Noticed Sigmund
  5277 | D:6      | Killed Sigmund
  5290 | D:6      | Found a hide-covered altar of Uskayaw.
  5337 | D:6      | Found a stormy altar of Qazlal.
  5511 | D:6      | Reached XP level 9. HP: 49/49 MP: 9/14
  5684 | D:7      | Reached skill level 1 in Shields
  5741 | D:7      | Noticed Menkaure
  5764 | D:7      | Killed Menkaure
  5764 | D:7      | Reached skill level 2 in Shields
  5893 | D:7      | Found a glowing golden altar of the Shining One.
  5912 | D:7      | Reached skill level 3 in Shields
  6097 | D:7      | Reached skill level 4 in Shields
  6157 | D:7      | Noticed Joseph
  6180 | D:7      | Noticed Prince Ribbit
  6379 | D:7      | Reached * piety under Hepliaklqana
  6574 | D:7      | Reached skill level 5 in Shields
  6648 | D:7      | Killed Prince Ribbit
  6747 | D:7      | Found an ornate altar of the Wu Jian Council.
  6797 | D:7      | Found Cuellal's Antique Armour Shoppe.
  7157 | D:7      | Killed Joseph
  7157 | D:7      | Reached skill level 6 in Shields
  7639 | D:8      | Reached skill level 7 in Shields
  7647 | D:8      | Found the +7 mace of Variability {chain chaos}
  7648 | D:8      | Found a shimmering altar of Xom.
  7673 | D:8      | Noticed a death knight
  7996 | D:7      | Killed a death knight
  7996 | D:7      | Reached skill level 8 in Shields
  7996 | D:7      | Reached XP level 10. HP: 26/54 MP: 1/15
  8117 | D:8      | Reached skill level 9 in Shields
  8173 | D:8      | Noticed Psyche
  8197 | D:8      | Cast into level 1 of the Abyss (Psyche)
  8261 | Abyss:1  | Noticed a smoke demon
  8292 | Abyss:1  | Noticed a death drake
  8305 | Abyss:1  | Killed from afar by a death drake

Levels and vault maps discovered:
D:1:      doesnt_arrival_eight_statues, layout_basic
D:2:      layout_rooms, serial_forest, infiniplex_forest_zigzag_2,
          infiniplex_forest_lined_3_way, infiniplex_forest_end_2,
          infiniplex_forest_straight_5, infiniplex_forest_pool,
          infiniplex_forest_lined_room_3, infiniplex_forest_pool
D:3:      layout_loops_ring, cheibriados_altar_1, cheibrodos_sewer_entry_sluice,
          minmay_mini_jars
D:4:      layout_loops_ring, nicolae_overflow_hidden_temple
D:5:      layout_cave_pools, tgw_trog, first_ration,
          grunt_dithmenos_smoke_and_mirrors, uniq_grinder, uniq_duvessa
D:6:      layout_basic, nicolae_qazlal_eye_of_the_storm, lemuel_round_altar,
          temple_fountains, uniq_sigmund, uniq_pikel
D:7:      layout_loops_ring, old_standard_altar, serial_shops,
          kennysheep_mini_moat, basic_altar, hex_medium,
          minmay_misc_feat_rugged, uniq_joseph, uniq_menkaure,
          uniq_prince_ribbit1
D:8:      layout_cave_pools, nicolae_ru_path_of_blood, enter_ossuary_3,
          grunt_livestock, minmay_guarded_unrand_variability, uniq_psyche
Temple:   regret_index_temple_generic_petals
Abyss:1:  base: IceCv, hangedman_abyss_or_decor_jellyfish_corner

Skill      XL: |  1  2  3  4  5  6  7  8  9 10 |
---------------+-------------------------------+-----
Summonings     | 5 6 |  6.8
Fighting       | 1 2 3 4 5 6 |  6.1
Spellcasting   | 3 |  3.1
Armour         | 2 5 7 |  7.4
Air Magic      | 1 4 |  4.0
Shields        | 8 9 |  9.2
Dodging        | |  2.1
Stealth        | |  2.0

Action                   |  1- 3 |  4- 6 |  7- 9 | 10-12 || total
-------------------------+-------+-------+-------+-------++-------
Melee: Club              |    11 |       |       |       ||    11
       Unarmed           |     6 |       |       |       ||     6
       Kick              |    13 |    39 |    74 |     7 ||   133
       Short sword       |    59 |   141 |       |       ||   200
       Peck              |    10 |    20 |    49 |    12 ||    91
       Dagger            |       |    30 |   286 |    29 ||   345
       Great mace        |       |       |       |     3 ||     3
 Cast: Summon Small Mamm |     1 |       |     5 |       ||     6
       Call Imp          |     8 |     6 |    32 |       ||    46
       Call Canine Famil |     1 |     6 |    24 |     1 ||    32
       Summon Lightning  |       |       |    27 |     2 ||    29
Invok: Recall Ancestor   |       |       |     5 |       ||     5
 Abil: Fly               |       |     1 |       |       ||     1
Evoke: Wand              |       |       |     7 |     1 ||     8
  Use: Scroll            |       |     4 |     5 |     1 ||    10
       Potion            |       |       |     2 |     4 ||     6
 Stab: Sleeping          |     2 |     4 |     1 |       ||     7
       Distracted        |       |       |     8 |       ||     8
  Eat: Chunk             |     2 |     7 |    18 |     2 ||    29
       Ration            |       |       |     2 |     1 ||     3
Armor: Robe              |    10 |       |       |       ||    10
       Troll leather arm |     4 |    36 |   133 |    16 ||   189
Dodge: Dodged            |    47 |   110 |   255 |    41 ||   453
Block: Shield            |       |       |     3 |       ||     3

Table legend:
 A = Non-vault XP
 B = Vault XP
 C = Vault XP percentage of total XP
 D = Non-vault monster count
 E = Vault monster count
 F = Vault count percentage of total count
                 A         B        C        D         E       F
            +---------+---------+-------+---------+---------+-------
      Total |    3786 |    1826 |  32.5 |     140 |      53 |  27.5
            +---------+---------+-------+---------+---------+-------
        D:1 |      23 |       0 |   0.0 |      15 |       0 |   0.0
        D:2 |      81 |       0 |   0.0 |      22 |       0 |   0.0
        D:3 |     125 |      49 |  28.2 |      22 |      14 |  38.9
        D:4 |     130 |       0 |   0.0 |      10 |       0 |   0.0
        D:5 |     230 |     605 |  72.5 |      17 |       9 |  34.6
        D:6 |     746 |     133 |  15.1 |      16 |       1 |   5.9
        D:7 |    1575 |     563 |  26.3 |      25 |       3 |  10.7
        D:8 |     876 |     242 |  21.6 |      13 |       2 |  13.3
      Sewer |       0 |     234 | 100.0 |       0 |      24 | 100.0
            +---------+---------+-------+---------+---------+-------
